General information
- name: BNet
- type: Ladder 1vs1/FFA
- host: Battle.net
- saver: Dignitates
map: TwistedMeadows
- players: 2
- length: 40:31
- speed: Fast
- version: 1.24 W3XP
- replay type: Public
» download(171 KB)
Players
team 1 (loser)
FC_Barcelona (
green | 117 APM | 4741 actions | 40:29)
6 Far Seer
3 Feral Spirit
2 Chain Lighting
1 Earth Quake
6 Shadow Hunter
3 Hex
3 Healing Wave
» actions
| Assign group hotkey | 98 | |
| Basic commands | 195 | |
| Build / train | 139 | |
| ESC pressed | 2 | |
| Enter build submenu | 26 | |
| Enter hero's abilities submenu | 13 | |
| Give item / drop item | 5 | |
| Remove unit from queue | 4 | |
| Right click | 1684 | |
| Select / deselect | 1024 | |
| Select group hotkey | 1198 | |
| Use ability | 353 | |
4741 total
» units
| Peon | 20 | |
| Grunt | 13 | |
| Raider | 6 | |
| Kodo Beast | 3 | |
| Troll Batrider | 17 | |
| Troll Headhunter/Berserker | 5 | |
64 total
» upgrades
| Ensnare | 1 | |
| Pillage | 1 | |
| Berserker Strength | 1 | |
| Armor | 1 | |
| Melee Weapons | 1 | |
5 total
» buildings
| Altar of Storms | 1 | |
| Orc Burrow | 12 | |
| Barracks | 1 | |
| Stronghold | 4 | |
| Voodoo Lounge | 1 | |
| Beastiary | 5 | |
| Great Hall | 3 | |
| War Mill | 1 | |
28 total
» build order
00:04 Altar of Storms
00:16 Orc Burrow
00:37 Barracks
02:10 Stronghold
02:10 Stronghold
02:10 Stronghold
02:44 Orc Burrow
02:46 Voodoo Lounge
03:07 Orc Burrow
04:34 Beastiary
04:35 Beastiary
05:36 Beastiary
06:01 Beastiary
08:48 Orc Burrow
10:43 Great Hall
11:09 War Mill
12:37 Orc Burrow
13:02 Orc Burrow
16:14 Orc Burrow
16:22 Orc Burrow
20:47 Orc Burrow
22:30 Orc Burrow
22:32 Orc Burrow
23:09 Orc Burrow
24:20 Beastiary
29:27 Great Hall
39:22 Great Hall
» items
| Lesser Clarity Potion | 16 | |
| Healing Salve | 9 | |
| Scroll of Speed | 5 | |
| Potion of Healing | 2 | |
| Scroll of Healing | 2 | |
| Scroll of Town Portal | 6 | |
| Potion of Lesser Invulnerability | 2 | |
| Scroll of Protection | 1 | |
| Dust of Appearance | 1 | |
44 total
team 2 (winner)
Dignitates (
pink | 126 APM | 5108 actions | 40:31)
6 Death Knight
3 Death Coil
2 Unholy Aura
1 Animate Dead
4 Naga Sea Witch
2 Frost Arrows
2 Forked Lightning
5 Lich
3 Frost Nova
2 Frost Armor
» actions
| Assign group hotkey | 124 | |
| Basic commands | 82 | |
| Build / train | 100 | |
| ESC pressed | 2 | |
| Enter build submenu | 33 | |
| Enter hero's abilities submenu | 15 | |
| Give item / drop item | 2 | |
| Right click | 1757 | |
| Select / deselect | 1506 | |
| Select group hotkey | 1261 | |
| Use ability | 226 | |
5108 total
» units
| Acolyte | 16 | |
| Ghoul | 3 | |
| Crypt Fiend | 16 | |
| Obsidian Statue | 8 | |
| Abomination | 1 | |
| Frost Wyrm | 8 | |
52 total
» upgrades
| Creature Attack | 2 | |
| Burrow | 1 | |
| Destroyer Form | 1 | |
| Creature Carapace | 1 | |
| Disease Cloud | 1 | |
| Web | 1 | |
7 total
» buildings
| Crypt | 2 | |
| Graveyard | 1 | |
| Altar of Darkness | 1 | |
| Ziggurat | 8 | |
| Tomb of Relics | 2 | |
| Halls of the Dead | 1 | |
| Slaughterhouse | 2 | |
| Black Citadel | 1 | |
| Necropolis | 4 | |
| Nerubian Tower | 1 | |
| Spirit Tower | 2 | |
| Sacrificial Pit | 1 | |
| Boneyard | 1 | |
27 total
» build order
00:06 Crypt
00:22 Graveyard
00:45 Altar of Darkness
00:58 Ziggurat
01:26 Tomb of Relics
02:02 Ziggurat
04:03 Halls of the Dead
04:54 Ziggurat
06:29 Slaughterhouse
09:12 Black Citadel
09:15 Ziggurat
10:43 Ziggurat
12:58 Necropolis
13:02 Nerubian Tower
13:49 Slaughterhouse
17:40 Tomb of Relics
17:42 Crypt
17:44 Spirit Tower
17:45 Spirit Tower
18:03 Sacrificial Pit
18:04 Ziggurat
19:19 Boneyard
25:56 Ziggurat
27:04 Necropolis
38:04 Necropolis
38:04 Ziggurat
38:46 Necropolis
» items
| Rod of Necromancy | 3 | |
| Potion of Healing | 3 | |
| Scroll of Town Portal | 11 | |
| Orb of Corruption | 1 | |
18 total
Chat log
(36:16 / All) Dignitates: gg?
(36:27 / All) FC_Barcelona: u pro ?
(36:31 / All) Dignitates: semi
(36:33 / All) Dignitates: u?
(37:26 / All) FC_Barcelona: u realy luck BIG
(37:29 / All) Dignitates: gg :)
(38:19 / All) Dignitates: 68 pop
(38:27 / All) FC_Barcelona: popa
(38:56 / All) Dignitates: leave pls
(38:58 / All) Dignitates: i go at
(39:06 / All) FC_Barcelona: hahahah
(39:12 / All) Dignitates: in 1v12
(39:13 / All) Dignitates: 1
(39:14 / All) FC_Barcelona: слышь ты не выебывайся
(40:14 / All) FC_Barcelona: гг везунчик
(40:17 / All) Dignitates: from?
(40:25 / All) FC_Barcelona: MARS